 Dungeon Crawl Stone Soup version 0.30-a0-748-ge6a52f7cba (webtiles) character file.

Game seed: 4400528633872662123

399 sanka the Shooter (level 6, -2/48 HPs)
             Began as a Demigod Hunter on Feb 8, 2023.
             Slain by Duvessa
             ... wielding a +2 short sword of venom
              (6 damage)
             ... on level 5 of the Dungeon.
             The game lasted 00:04:40 (3373 turns).

sanka the Shooter (Demigod Hunter)                  Turns: 3373, Time: 00:04:41

Health: -2/48      AC:  5    Str: 12    XL:     6   Next: 28%
Magic:  8/8        EV: 13    Int: 11    God:
Gold:   179        SH:  0    Dex: 25    Spells: 5/5 levels left

rFire   . . .      SeeInvis .    a - +0 shortbow
rCold   . . .      Faith    .    (shield currently unavailable)
rNeg    . . .      Spirit   .    j - +0 robe
rPois   .          Reflect  .    i - +0 helmet
rElec   .          Harm     .    (no cloak)
rCorr   .          Rampage  .    h - +0 pair of gloves
Will    .....                    g - +0 pair of boots
Stlth   ++                       (no amulet)
HPRegen 0.28/turn                (no ring)
MPRegen 0.11/turn                (no ring)

@: lethally poisoned (-2 -> -17)
A: high MP 1, forlorn, divine attributes, claws 1, MP-powered wands
a: no special abilities


You were on level 5 of the Dungeon.
You visited 1 branch of the dungeon, and saw 5 of its levels.

You collected 179 gold pieces.


Innate Abilities, Weirdness & Mutations

You have an increased reservoir of magic. (+10% MP)
You shall have no god before yourself.
Your divine heritage dramatically boosts your attributes as you level up.
You have sharp fingernails.
You expend magic power (3 MP) to strengthen your wands.


   Skills:
 - Level 2.0 Fighting
 + Level 7.2 Ranged Weapons
 - Level 1.7 Dodging
 - Level 0.8 Stealth


You had 5 spell levels left.
You didn't know any spells.
Your spell library contained the following spells:

 Spells                   Type           Power      Damage    Failure   Level
 Blink                    Tloc           0%         N/A       47%         2
 Lesser Beckoning         Tloc           0%         N/A       47%         2
 Momentum Strike          Conj/Tloc      0%         3d8       47%         2
 Olgreb's Toxic Radiance  Pois           0%         N/A       98%         4
 Ozocubu's Refrigeration  Ice            0%         4d7       100%        7
 Ignition                 Fire           0%         3d3       100%        8

Inventory:

Hand Weapons
 a - a +0 shortbow (weapon)
Missiles
 c - 6 curare-tipped darts {=f}
Armour
 g - a +0 pair of boots (worn)
 h - a +0 pair of gloves (worn)
 i - a +0 helmet (worn)
 j - a +0 robe (worn)
Magical Staves
 n - a staff of cold
Wands
 l - a wand of quicksilver (9)
Scrolls
 b - 3 scrolls of immolation {!r}
 d - a scroll of fear {unknown}
 e - a scroll of noise {!r}
 f - 3 scrolls of identify {@r1}
 k - a scroll of fog
 o - a scroll of vulnerability {!r}

Dungeon Overview and Level Annotations

Branches:
Dungeon (5/15)
 Temple: D:4-7

Annotations:
D:2 1 runed translucent door, Crazy Yiuf
D:5 Dowan, Duvessa

▒.........
.▒........▒
..........▒▒
...........▒▒
............▒▒
...........<.▒
▒...........▒.▒
.......e....▒..▒
.......pe..▒▒ ▒▒
▒▒▒▒......▒▒
▒▒▒.....▒
▒.▒▒▒▒▒ ▒. ▒▒


You could see Duvessa (fast) and Dowan.


Message History

* * * LOW HITPOINT WARNING * * *
You feel very sick. Duvessa closely misses you.
* * * LOW HITPOINT WARNING * * *
You feel very sick.
It was a potion of heal wounds.
You feel very sick. Duvessa hits you but does no damage.
You are more poisoned.
Dowan points at you and mumbles some strange words.
The puff of frost hits you!
* * * LOW HITPOINT WARNING * * *
Duvessa barely misses you.
As you read the scroll of identify {@r1}, it crumbles to dust.
o - a scroll of vulnerability You feel very sick.
Dowan points at you and mumbles some strange words.
The puff of flame hits you.
* * * LOW HITPOINT WARNING * * *
Duvessa barely misses you.
As you read the scroll of identify {@r1}, it crumbles to dust.
k - a scroll of fog
* * * LOW HITPOINT WARNING * * *
You feel very sick.
Duvessa hits you with a +2 short sword of venom.
* * * LOW HITPOINT WARNING * * *
You are more poisoned.
Dowan barely misses you.
Duvessa hits you with a +2 short sword of venom.
You die...

Action                     |  1- 3 |  4- 6 || total
---------------------------+-------+-------++-------
  Melee: Unarmed           |    10 |       ||    10
   Fire: Shortbow          |    89 |   121 ||   210
    Use: Potion            |     4 |     1 ||     5
         Scroll            |       |     3 ||     3
 Armour: Leather armour    |     3 |       ||     3
         Robe              |    15 |    13 ||    28
         Skin              |     6 |       ||     6
  Dodge: Dodged            |    38 |    39 ||    77

Levels and vault maps discovered:
D:1:      dreamdust_arrival_beginning_and_end, layout_rooms
D:2:      layout_basic, uniq_natasha, uniq_crazy_yiuf_cottage, uniq_robin
D:3:      layout_loops_ring, general_overflow_altar,
          nicolae_kite_square_tiling_tiny, kennysheep_generic_room_3
D:4:      layout_loops_ring, kennysheep_cluttered_room, minmay_pentangle
D:5:      minmay_octagon_keep, layout_layer_cave, uniq_duvessa

Notes
Turn   | Place    | Note
-------+----------+-------------------------------------------
     0 | D:1      | sanka the Demigod Hunter began the quest for the Orb.
     0 | D:1      | Reached XP level 1. HP: 17/17 MP: 3/3
    32 | D:1      | Reached skill level 2 in Fighting
    86 | D:1      | Reached skill level 4 in Ranged Weapons
    88 | D:1      | Reached XP level 2. HP: 24/24 MP: 4/4
   643 | D:2      | Reached XP level 3. HP: 25/29 MP: 5/5
   750 | D:2      | Noticed Robin
   775 | D:2      | Gained mutation: You have sharp fingernails. [potion of
                  | mutation]
   775 | D:2      | Gained mutation: You expend magic power (3 MP) to
                  | strengthen your wands. [potion of mutation]
   787 | D:2      | Killed Robin
   788 | D:2      | Reached skill level 5 in Ranged Weapons
  1009 | D:2      | Noticed Natasha
  1017 | D:2      | Killed Natasha
  1018 | D:2      | Reached XP level 4. HP: 28/36 MP: 6/6
  1096 | D:2      | Noticed Natasha
  1103 | D:2      | Killed Natasha
  1122 | D:2      | Noticed Natasha
  1124 | D:2      | Killed Natasha
  1641 | D:2      | Found a runed translucent door.
  1642 | D:2      | Noticed Crazy Yiuf
  1794 | D:3      | Reached XP level 5. HP: 41/41 MP: 7/7
  1811 | D:3      | Reached skill level 6 in Ranged Weapons
  2779 | D:4      | Noticed a sky beast
  2808 | D:4      | Killed a sky beast
  2949 | D:4      | Reached XP level 6. HP: 44/48 MP: 8/8
  2966 | D:4      | Reached skill level 7 in Ranged Weapons
  3354 | D:5      | Entered Level 5 of the Dungeon
  3358 | D:5      | Noticed Dowan
  3361 | D:5      | Noticed Duvessa
  3373 | D:5      | HP: 4/48 [Duvessa/+2 short sword of venom (4)]
  3373 | D:5      | Slain by Duvessa

Vanquished Creatures
  A sky beast (D:4)
  A hound (D:4)
  Natasha (thrice) (D:2)
  2 iguanas (D:4)
  Robin (D:2)
  7 adders
  A worm (D:3)
  A dart slug (D:2)
  An orc (D:4)
  4 ball pythons
  2 bats
  5 endoplasms
  4 giant cockroaches
  17 goblins
  8 hobgoblins
  A jackal (D:4)
  4 quokkas
  4 frilled lizards
  7 kobolds
  3 rats
77 creatures vanquished.

Vanquished Creatures (others)
  A fungus (D:2)
1 creature vanquished.

Grand Total: 78 creatures vanquished
